 Dungeon Crawl Stone Soup version 0.17.0-7-gfadd4cc (webtiles) character file.

117 septik the Skirmisher (level 5, -5/33 HPs)
             Began as a Gargoyle Fighter on Nov 9, 2015.
             Slain by an ogre
             ... wielding a +0 giant club
              (18 damage)
             ... on level 4 of the Dungeon.
             The game lasted 00:04:03 (2876 turns).

septik the Skirmisher (Gargoyle Fighter)            Turns: 2876, Time: 00:04:03

Health: -5/33      AC: 11    Str: 26    XL:     5   Next: 1%
Magic:  5/5        EV:  7    Int:  8    God:
Gold:   87         SH: 10    Dex:  9    Spells: 0 memorised, 4 levels left

rFire  . . .     SeeInvis .     l - +2 whip (drain)
rCold  . . .     Clarity  .     b - +0 scale mail
rNeg   + . .     SustAt   .     c - +0 shield
rPois  ∞         Gourm    .     (no helmet)
rElec  +         Spirit   .     (no cloak)
rCorr  .         Warding  .     (no gloves)
rMut   .         Stasis   .     (no boots)
MR     .....                    (no amulet)
Stlth  ..........               (no ring)
                                (no ring)

@: mighty, not resistant to hostile enchantments, extremely unstealthy
A: negative energy resistance 1, electricity resistance, unbreathing,
petrification resistance, rot immunity, AC +4
a: no special abilities


You were on level 4 of the Dungeon.
You were not hungry.

You visited 1 branch of the dungeon, and saw 4 of its levels.

You collected 87 gold pieces.

Inventory:

Hand Weapons
 a - a +0 war axe
 l - a +2 whip of draining (weapon)
Armour
 b - a +0 scale mail (worn)
 c - a +0 shield (worn)
Scrolls
 h - 2 scrolls of remove curse
 m - 3 scrolls of enchant armour {unknown}
 q - a scroll of identify {unknown}
Potions
 d - 5 potions of might
 f - a potion of ambrosia {unknown}
 n - a potion of magic {unknown}
 o - a potion of heal wounds {unknown}
 r - a potion of cure mutation {unknown}
 s - 2 potions of degeneration {unknown}
Books
 p - a book of Maledictions

   Spells                             Type                      Level
   a - Corona                         Hexes                        1
   b - Ensorcelled Hibernation        Hexes/Ice                    2
   c - Confuse                        Hexes                        3
   d - Tukima's Dance                 Hexes                        3
   e - Dazzling Spray                 Conjuration/Hexes            3
Comestibles
 e - 2 bread rations
 i - 3 meat rations
 t - a beef jerky
 u - a chunk of flesh


   Skills:
 + Level 4.1 Fighting
 * Level 3.1 Axes
 + Level 4.0 Armour
 + Level 3.8 Shields


You had 4 spell levels left.
You didn't know any spells.

Dungeon Overview and Level Annotations

Branches:
Dungeon (4/15)
 Temple: D:4-7

Altars:

Annotations:
D:4 Edmund, Eustachio


Innate Abilities, Weirdness & Mutations

You are resistant to torment.
Your stone body is resilient (AC +4).
You are immune to poison.
You resist negative energy.
You are resistant to electric shocks.
You can survive without breathing.
You are immune to petrification.
You are immune to rotting.


Message History

Edmund is moderately wounded.
Edmund hits you but does no damage. You block the ogre's attack.
You hit Edmund but do no damage.
Edmund is moderately wounded.
Edmund says, "You wouldn't believe how much I paid for this flail."
You block Edmund's attack. The ogre hits you with a giant club!
You closely miss Edmund.
Edmund is moderately wounded.
Edmund completely misses you.
Your shield and scale mail prevent you from hitting Edmund.
Edmund is moderately wounded.
The ogre barely misses you. Edmund hits you but does no damage.
You block Edmund's attack.
Edmund says, "Everyone always remembers my brother. 'Who's Edmund?' they ask!"
You block Edmund's attack.
Drink which item? (? for menu, Esc to quit)
You feel very mighty all of a sudden. The ogre hits you with a giant club!!
Ouch! That really hurt!
You die...

### #@####
#O#..##
#@....#
#.....##
#......#
##......##
#........#
#........##
#.........#


You could see Edmund and an ogre.

Vanquished Creatures
  4 adders
  An ooze (D:1)
  4 worms
  A giant gecko (D:3)
  3 orcs (D:3)
  5 bats
  2 giant cockroaches
  10 goblins
  7 hobgoblins
  3 jackals (D:3)
  9 kobolds
  A ball python (D:1)
  6 giant newts
  11 rats
67 creatures vanquished.

Notes
Turn   | Place    | Note
--------------------------------------------------------------
     0 | D:1      | septik the Gargoyle Fighter began the quest for the Orb.
     0 | D:1      | Reached XP level 1. HP: 14/14 MP: 1/1
   172 | D:1      | Reached XP level 2. HP: 19/19 MP: 2/2
   463 | D:1      | Reached XP level 3. HP: 18/23 MP: 3/3
  1184 | D:2      | Reached XP level 4. HP: 29/29 MP: 4/4
  2180 | D:3      | Reached skill level 4 in Fighting
  2659 | D:3      | Reached XP level 5. HP: 33/33 MP: 5/5
  2851 | D:4      | Noticed Eustachio
  2855 | D:4      | Noticed Edmund
  2857 | D:4      | Noticed an ogre
  2876 | D:4      | Slain by an ogre

Action                   |  1- 3 |  4- 6 || total
-------------------------+-------+-------++-------
Melee: War axe           |    58 |       ||    58
       Whip              |    43 |   108 ||   151
  Use: Scroll            |       |     4 ||     4
       Potion            |       |     1 ||     1
  Eat: Chunk             |     1 |     5 ||     6
